 Dungeon Crawl Stone Soup version 0.28-a0-628-g3c9886e45e (webtiles) character file.

Game seed: 9579138273735732915

32 kae the Ruffian (level 3, 0/29 HPs)
             Began as a Draconian Transmuter on Oct 8, 2021.
             Slain by an adder (2 damage)
             ... on level 1 of the Dungeon.
             The game lasted 00:00:37 (1180 turns).

kae the Ruffian (Draconian Transmuter)              Turns: 1180, Time: 00:00:38

Health: 0/29       AC:  5    Str: 12    XL:     3   Next: 8%
Magic:  5/6        EV: 12    Int: 14    God:
Gold:   43         SH:  0    Dex: 11    Spells: 2/6 levels left

rFire   . . .      SeeInvis .     - Unarmed
rCold   . . .      Faith    .   (no shield)
rNeg    . . .      Spirit   .   (armour unavailable)
rPois   .          Reflect  .   (helmet currently unavailable)
rElec   .          Harm     .   (no cloak)
rCorr   .          Rampage  .   (no gloves)
Will    .....                   (boots currently unavailable)
Stlth   +.........              (no amulet)
HPRegen 0.09/turn               (no ring)
MPRegen 0.10/turn               (no ring)

@: lethally poisoned (0 -> -1), appendages
A: horns 2, talons 2, AC +5, unfitting armour, cold-blooded
a: End Transformation


You were on level 1 of the Dungeon.
You had temporarily grown beastly horns and talons.
You visited 1 branch of the dungeon, and saw 2 of its levels.

You collected 43 gold pieces.

Inventory:

Scrolls
 b - a scroll of enchant weapon {unknown}
 d - a scroll of teleportation {unknown}
Potions
 a - a potion of flight {unknown}
 c - a potion of lignification {unknown}


   Skills:
 + Level 1.8 Fighting
 - Level 1.7 Dodging
 * Level 3.7 Unarmed Combat
 * Level 2.0 Spellcasting
 + Level 2.4 Transmutations
 * Level 0.1 Poison Magic


You had 2 spell levels left.
You knew the following spells:

 Your Spells              Type           Power      Damage    Failure   Level
a - Beastly Appendage     Tmut           16%        N/A       9%          1
b - Spider Form           Tmut/Pois      2%         N/A       38%         3

Your spell library contained the following spells:

 Spells                   Type           Power      Damage    Failure   Level
 Wereblood                Tmut           8%         N/A       13%         2
 Ice Form                 Ice/Tmut       4%         N/A       82%         4


Dungeon Overview and Level Annotations

Branches:
Dungeon (2/15)

Altars:


Innate Abilities, Weirdness & Mutations

You have temporarily grown beastly horns and talons.
Your plain brown scales are hard. (AC +5)
You cannot fit into any form of body armour.
You are cold-blooded and may be slowed by cold attacks.


Message History

The adder poisons you!
You feel sick.
You feel sick.
You feel sick.
You feel sick. The adder closely misses you.
There is a stone staircase leading up here.
Magic restored.
You feel sick. The adder bites you but does no damage. The rat misses you.
You climb upwards.
Your transformation is almost over.
You feel sick.
There is a stone staircase leading down here.
You miss the adder.
Your tail-slap misses the adder.
The adder is heavily wounded.
You feel sick.
You are no longer poisoned.
The adder misses you. The rat bites you but does no damage.
The adder bites you. The adder barely misses you.
Casting: Beastly Appendage (safe; 9% risk of failure)
Confirm with . or Enter, or press ? or * to list all spells.
You extend your transformation's duration.
The adder bites you.
* * * LOW HITPOINT WARNING * * *
You are poisoned.
The adder poisons you!
* * * LOW HITPOINT WARNING * * *
You feel sick. The adder closely misses you. x2
You hit the adder. Your kick misses the adder.
Your tail-slap misses the adder.
The adder is severely wounded.
* * * LOW HITPOINT WARNING * * *
You feel sick. The adder closely misses you.
You miss the adder. Your kick misses the adder.
The adder is severely wounded.
* * * LOW HITPOINT WARNING * * *
You feel sick. The adder barely misses you.
You hit the adder.
The adder is almost dead.
* * * LOW HITPOINT WARNING * * *
You feel sick. The adder misses you. The adder bites you.
You die...

.........####.####.#####...## #.#
...†.....# #..######....### #..
...†.....# #....##...#### ###
....##..## #.##.##......#
....##..### #.##..#......#
....#.....# #............#
.)..#.....# #####........#
..........########.......########
####......'.....@Sr>.............
#..#......#########..............
#..#......#......................
#..#......#.....#................
#..#.#..#.#####.#.......#........
#..#.#..#........................
.....#..######....#..............
.....#............'..............
.....#.#######....#.......###+###


You could see an adder and a rat.

Vanquished Creatures
  A dart slug (D:1)
  An endoplasm (D:1)
  4 giant cockroaches (D:1)
  3 goblins (D:1)
  4 hobgoblins (D:1)
  4 kobolds (D:1)
  2 quokkas (D:1)
  2 ball pythons (D:1)
  3 bats (D:1)
  A rat (D:1)
25 creatures vanquished.

Notes
Turn   | Place    | Note
-------+----------+-------------------------------------------
     0 | D:1      | kae the Draconian Transmuter began the quest for the Orb.
     0 | D:1      | Reached XP level 1. HP: 16/16 MP: 3/3
   124 | D:1      | Reached XP level 2. HP: 21/23 MP: 3/5
   864 | D:1      | Reached XP level 3. HP: 29/29 MP: 4/6
   868 | D:1      | Learned a level 3 spell: Spider Form
  1180 | D:1      | Slain by an adder

Illustrated notes

Levels and vault maps discovered:
D:1:      dpeg_arrival_round_b, layout_basic
D:2:      layout_rooms, hellmonk_ecumenical_altar_heavens_door, uniq_robin

Action                   || total
-------------------------++-------
Melee: Unarmed           ||    74
       Tailslap          ||     9
       Kick              ||     5
       Headbutt          ||     7
       Punch             ||     1
 Cast: Beastly Appendage ||    15
Armor: Skin              ||    29
Dodge: Dodged            ||    51

Table legend: (Time is in decaauts)
 A = Elapsed time spent in this place.
 B = Non-inter-level travel time spent in this place.
 C = Inter-level travel time spent in this place.
 D = Time resting spent in this place.
 E = Time spent auto-exploring this place.
 F = Levels seen in this place.
 G = Mean time per level.
                   A        B        C        D        E       F      G
               +--------+--------+--------+--------+--------+-----+--------+
         Total |   1178 |   1161 |     17 |      0 |    960 |   2 |  589.0 |
       Dungeon |   1178 |   1161 |     17 |      0 |    960 |   2 |  589.0 |
               +--------+--------+--------+--------+--------+-----+--------+

Top non-repeatable levels by time:
     D:1: 1162 daAuts
     D:2: 15 daAuts
